 Dungeon Crawl Stone Soup version 0.23.0 (webtiles) character file.

Game seed: 16546439121231717871

114 TitoQuaid2 the Covered (level 5, -2/41 HPs)
             Began as a Human Fighter on Feb 10, 2019.
             Was a Follower of Yredelemnul.
             Slain by a gnoll
             ... wielding a +0 halberd
              (4 damage)
             ... on level 3 of the Dungeon.
             The game lasted 00:18:31 (1822 turns).

TitoQuaid2 the Covered (Human Fighter)              Turns: 1822, Time: 00:18:32

Health: -2/41      AC:  9    Str: 17    XL:     5   Next: 19%
Magic:  5/5        EV:  5    Int:  8    God:    Yredelemnul [*.....]
Gold:   70         SH:  9    Dex: 13    Spells: 4/4 levels left

rFire    . . .     SeeInvis .   a - +2 long sword
rCold    . . .     Gourm    .   c - +0 shield
rNeg     . . .     Faith    .   e - +0 chain mail
rPois    .         Spirit   .   (no helmet)
rElec    .         Reflect  .   (no cloak)
rCorr    .         Harm     .   (no gloves)
MR       .....                  (no boots)
Stlth    ..........             (no amulet)
HPRegen  0.13/turn              (no ring)
MPRegen  0.09/turn              (no ring)

@: no status effects
A: no striking features
a: Animate Remains, Renounce Religion


You were on level 3 of the Dungeon.
You worshipped Yredelemnul.
Yredelemnul was aware of your devotion.
You were not hungry.

You visited 1 branch of the dungeon, and saw 3 of its levels.

You collected 70 gold pieces.

Inventory:

Hand Weapons
 a - a +2 long sword (weapon)
 g - a +0 short sword
 i - a +0 hunting sling
 o - a +0 antimagic short sword
Missiles
 h - 38 stones (quivered)
 p - 11 sling bullets
Armour
 c - a +0 shield (worn)
 e - a +0 chain mail (worn)
Wands
 r - a wand of paralysis (9)
Scrolls
 k - 2 scrolls of remove curse
 q - a scroll of immolation
Potions
 d - a potion of might
 l - a potion of cancellation {unknown}
 n - 2 potions of curing {unknown}
Comestibles
 f - 4 rations


   Skills:
 + Level 3.4 Fighting
 + Level 3.1 Long Blades
 + Level 3.8 Armour
 + Level 0.6 Dodging
 + Level 0.1 Stealth
 + Level 3.7 Shields


You had 4 spell levels left.
You didn't know any spells.
Your spell library was empty.

Dungeon Overview and Level Annotations

Branches:
Dungeon (3/15)

Altars:
Dithmenos
Elyvilon
Fedhas
Makhleb
Yredelemnul


Message History

The gnoll hits you with a +0 halberd!
You hit the gnoll.
The gnoll is heavily wounded.
You block the gnoll's attack. The gnoll hits you but does no damage.
You hit the gnoll.
The gnoll is almost dead.
The gnoll hits you with a +0 halberd.
You completely miss the gnoll.
The gnoll is almost dead.
The gnoll hits you with a +0 halberd.
You closely miss the gnoll.
The gnoll is almost dead.
The gnoll hits you with a +0 halberd!
You barely miss the gnoll.
The gnoll is almost dead.
The gnoll hits you with a +0 halberd!
* * * LOW HITPOINT WARNING * * *
The gnoll hits you from afar with a +0 halberd.
You die...
Your body rises from the dead as a mindless zombie.

#######..##
.#.#
..........#
.#.#
.####.##...#
...
...........#..#
.####.##.#.#..#
# ##......###.
#.g.....###_
#)##.##.###.
#@##.# .#
#.##.# # #.##.#
.....# .#####
.. .. #..


You could see a gnoll.

Vanquished Creatures
  2 gnolls (D:3)
  3 adders (D:2)
  A dart slug (D:3)
  3 leopard geckos
  5 orcs
  9 bats
  5 giant cockroaches
  8 goblins
  6 hobgoblins (D:1)
  A quokka (D:2)
  A ball python (D:1)
  2 frilled lizards (D:1)
  6 kobolds
  7 rats
59 creatures vanquished.

Notes
Turn   | Place    | Note
-------+----------+-------------------------------------------
     0 | D:1      | TitoQuaid2 the Human Fighter began the quest for the Orb.
     0 | D:1      | Reached XP level 1. HP: 18/18 MP: 1/1
   150 | D:1      | Reached XP level 2. HP: 24/24 MP: 2/2
   376 | D:1      | Reached XP level 3. HP: 28/29 MP: 3/3
   720 | D:1      | You fall through a shaft!
   720 | D:2      | Found a basalt altar of Yredelemnul.
   772 | D:2      | Became a worshipper of Yredelemnul the Dark
   837 | D:2      | Reached XP level 4. HP: 29/35 MP: 4/4
   983 | D:2      | Found a shadowy altar of Dithmenos.
   983 | D:2      | Found a white marble altar of Elyvilon.
   984 | D:2      | Found a burning altar of Makhleb.
  1469 | D:3      | Reached * piety under Yredelemnul
  1471 | D:3      | Found a blossoming altar of Fedhas.
  1552 | D:3      | Reached XP level 5. HP: 23/41 MP: 5/5
  1821 | D:3      | HP: 2/41 [gnoll/+0 halberd (11)]
  1822 | D:3      | Slain by a gnoll

Skill      XL: |  1  2  3  4 |
---------------+-------------+-----
Long Blades    | 3 |  3.1
Fighting       | |  3.4
Armour         | |  3.8
Dodging        | |  0.6
Stealth        | |  0.1
Shields        | |  3.7

Action                   |  1- 3 |  4- 6 || total
-------------------------+-------+-------++-------
Melee: Long sword        |   100 |    83 ||   183
  Use: Scroll            |       |     8 ||     8
  Eat: Ration            |       |     1 ||     1
Armor: Scale mail        |    58 |     4 ||    62
       Chain mail        |       |    49 ||    49
Dodge: Dodged            |    35 |    21 ||    56
Block: Shield            |    70 |    61 ||   131
       Rpst.: Long sword |    13 |     6 ||    19
